 Dungeon Crawl Stone Soup version 0.28-a0-512-g960c72b710 (webtiles) character file.

Game seed: 3209101625995251852

35 Lekart the Skirmisher (level 3, -1/33 HPs)
             Began as a Draconian Chaos Knight on Sept 22, 2021.
             Was a Plaything of Xom.
             Slain by a kobold (2 damage)
             ... on level 3 of the Dungeon.
             The game lasted 00:01:28 (891 turns).

Lekart the Skirmisher (Draconian Chaos Knight)       Turns: 891, Time: 00:01:29

Health: -1/33      AC:  5    Str: 14    XL:     3   Next: 17%
Magic:  3/3        EV: 12    Int: 12    God:    Xom [..*...]
Gold:   48         SH:  0    Dex: 11    Spells: 2/2 levels left

rFire   . . .      SeeInvis .   a - +0 falchion (chaos)
rCold   . . .      Faith    .   (no shield)
rNeg    . . .      Spirit   .   (armour unavailable)
rPois   .          Reflect  .   (helmet restricted)
rElec   .          Harm     .   (no cloak)
rCorr   .          Rampage  .   (no gloves)
Will    .....                   (no boots)
Stlth   +.........              (no amulet)
HPRegen 0.11/turn               (no ring)
MPRegen 0.08/turn               (no ring)

@: slowed, very slow
A: AC +5, unfitting armour, cold-blooded
a: Renounce Religion


You were on level 3 of the Dungeon.
You worshipped Xom.
You were a toy of Xom.
You visited 1 branch of the dungeon, and saw 3 of its levels.

You collected 48 gold pieces.

Inventory:

Hand Weapons
 a - a +0 falchion of chaos (weapon)
Missiles
 c - 5 javelins (quivered)
Scrolls
 b - a scroll of teleportation {unknown}


   Skills:
 + Level 3.8 Fighting
 + Level 3.6 Long Blades
 + Level 2.5 Dodging


You had 2 spell levels left.
You didn't know any spells.
Your spell library was empty.

Dungeon Overview and Level Annotations

Branches:
Dungeon (3/15)

Altars:
Okawaru

Portals:
Sewer: D:3

Annotations:
D:1 exclusion: downstairs
D:2 Sigmund


Innate Abilities, Weirdness & Mutations

Your plain brown scales are hard. (AC +5)
You cannot fit into any form of body armour.
You are cold-blooded and may be slowed by cold attacks.


Message History

The ball python bites you but does no damage.
The ball python barely misses you. The ball python constricts you.
A rat comes into view.
The ball python bites you. The ball python barely misses you.
The ball python constricts you. The goblin hits you but does no damage.
You barely miss the ball python. The kobold barely misses you.
The ball python barely misses you. The ball python closely misses you.
The ball python constricts you. The goblin misses you.
You slash the ball python!
You kill the ball python!
The ball python bites you. The ball python grabs you.
The ball python constricts you. The kobold hits you but does no damage.
The endoplasm freezes you.
You are frozen.
The goblin hits you but does no damage. The ball python bites you.
The ball python constricts you. The kobold hits you but does no damage.
You hit the ball python. You freeze the ball python.
The ball python is severely wounded.
You hear the slow rusting of a drain.
The endoplasm freezes you.
You are frozen.
The goblin hits you but does no damage. The ball python barely misses you.
The ball python constricts you. The hobgoblin closely misses you.
The kobold hits you with a +0 dagger.
* * * LOW HITPOINT WARNING * * *
You hit the ball python.
You kill the ball python!
The endoplasm freezes you.
You are frozen.
* * * LOW HITPOINT WARNING * * *
You feel yourself slow down. The goblin barely misses you.
The hobgoblin closely misses you. The kobold hits you but does no damage.
The endoplasm freezes you.
You are frozen.
* * * LOW HITPOINT WARNING * * *
You feel as though you will be slow longer.
You aren't carrying any potions.
The goblin hits you with a +0 club.
* * * LOW HITPOINT WARNING * * *
The hobgoblin barely misses you. The kobold hits you with a +0 dagger.
You die...

#................#
#................##
####........[......... #
..................... ..
#≈≈≈≈≈##............
...##≈≈r≈≈##............
...≈≈...g.≈≈............
...≈≈.Jg..≈≈............
....≈.≈@g.≈≈............
...≈≈$..K.≈≈............
...≈≈.....≈≈........#.#.
...##≈≈.≈≈##........#.#
.. #≈≈.≈≈##........# .
.................#
..##.##########.# ...
... .#


You could see an endoplasm, a hobgoblin, 2 goblins, a kobold and a rat.

Vanquished Creatures
  An adder (D:2)
  A dart slug (D:1)
  2 endoplasms
  2 giant cockroaches (D:1)
  4 hobgoblins
  2 kobolds (D:1)
  A quokka (D:1)
  2 ball pythons (D:3)
  7 bats
  A frilled lizard (D:2)
  2 rats
25 creatures vanquished.

Notes
Turn   | Place    | Note
-------+----------+-------------------------------------------
     0 | D:1      | Lekart the Draconian Chaos Knight began the quest for the
                  | Orb.
     0 | D:1      | Reached XP level 1. HP: 19/19 MP: 1/1
    82 | D:1      | XOM: divination: detect items
   170 | D:1      | XOM: silly message
   191 | D:1      | Reached XP level 2. HP: 26/26 MP: 2/2
   711 | D:2      | Found a faded altar of an unknown god.
   712 | D:2      | Noticed Sigmund
   828 | D:2      | Reached XP level 3. HP: 23/33 MP: 3/3
   854 | D:3      | Found an iron altar of Okawaru.
   875 | D:3      | Found a glowing drain.
   891 | D:3      | HP: 1/33 [goblin (1)]
   891 | D:3      | Slain by a kobold

Illustrated notes

Levels and vault maps discovered:
D:1:      wander_arrival_chamber, layout_basic
D:2:      layout_rooms, basic_altar, basic_ecumenical_altar, uniq_sigmund,
          uniq_crazy_yiuf_cottage
D:3:      layout_basic, kennysheep_okawaru_gauntlet, fedhas_altar_1,
          grunt_temple_overflow_diamond, cheibrodos_sewer_entry_sluice,
          uniq_natasha

Action                   || total
-------------------------++-------
Melee: Falchion          ||    66
       Tailslap          ||    10
Armor: Skin              ||    38
Dodge: Dodged            ||    70

Table legend: (Time is in decaauts)
 A = Elapsed time spent in this place.
 B = Non-inter-level travel time spent in this place.
 C = Inter-level travel time spent in this place.
 D = Time resting spent in this place.
 E = Time spent auto-exploring this place.
 F = Levels seen in this place.
 G = Mean time per level.
                   A        B        C        D        E       F      G
               +--------+--------+--------+--------+--------+-----+--------+
         Total |    903 |    826 |     77 |      0 |    609 |   3 |  301.0 |
       Dungeon |    903 |    826 |     77 |      0 |    609 |   3 |  301.0 |
               +--------+--------+--------+--------+--------+-----+--------+

Top non-repeatable levels by time:
     D:1: 791 daAuts
     D:2: 59 daAuts
     D:3: 51 daAuts
